 Dungeon Crawl Stone Soup version 0.27-a0-1186-g8b4daa1eef (webtiles) character file.

Game seed: 14049660597205480282

8715 robertstho the Cleaver (level 11, -15/99 (101) HPs)
             Began as a Minotaur Berserker on May 19, 2021.
             Was a High Priest of Trog.
             Demolished by a boulder beetle (23 damage)
             ... on level 11 of the Dungeon.
             The game lasted 00:10:06 (8237 turns).

robertstho the Cleaver (Minotaur Berserker)         Turns: 8237, Time: 00:10:06

HP:   -15/99 (101)  AC: 16    Str: 24    XL:     11   Next: 13%
MP:   10/10         EV: 15    Int:  5    God:    Trog [*****.]
Gold: 666           SH:  0    Dex: 10    Spells: 10/10 levels left

rFire    + . .     SeeInvis .   b - +0 battleaxe
rCold    x . .     Faith    .   (shield currently unavailable)
rNeg     . . .     Spirit   .   u - +0 chain mail
rPois    .         Reflect  .   h - +1 hat {Stlth+}
rElec    .         Harm     .   N - +0 cloak
rCorr    .         Rampage  .   (no gloves)
Will     .....                  v - +0 pair of boots
Stlth    ..........             k - amulet of regeneration
HPRegen  1.26/turn              t - +4 ring of evasion
MPRegen  0.12/turn              M - ring of fire

@: on berserk cooldown, very slightly contaminated, slowed, lightly drained,
invisible, very slow
A: horns 2, retaliatory headbutt
a: Renounce Religion, Berserk, Trog's Hand, Brothers in Arms


You were on level 11 of the Dungeon.
You worshipped Trog.
Trog was extremely pleased with you.
You visited 1 branch of the dungeon, and saw 11 of its levels.
You also visited: Sewer.

You collected 666 gold pieces.

Inventory:

Hand Weapons
 b - a +0 battleaxe (weapon)
 y - a +0 war axe
 z - the +7 flail "Difreid" {drain, rC+ rCorr Str+6}
   (You found it on level 7 of the Dungeon)

   A truly terrible weapon, it drains the life of those it strikes.
   It affects your strength (+6).
   It protects you from cold.
   It protects you from acid and corrosion.
Missiles
 n - a curare-tipped dart
Armour
 h - a +1 hat of stealth (worn)
 u - a +0 chain mail (worn)
 v - a +0 pair of boots (worn)
 F - a +0 tower shield
 N - a +0 cloak (worn)
Jewellery
 k - an amulet of regeneration (around neck)
 t - a +4 ring of evasion (left hand)
 M - a ring of fire (right hand)
Wands
 c - a wand of mindburst (15)
 s - a wand of iceblast (9)
 A - a wand of digging (10)
 H - a wand of charming (10)
 J - a wand of flame (15)
 L - a wand of acid (9)
 O - a wand of paralysis (9)
Scrolls
 d - 2 scrolls of blinking {unknown}
 f - 5 scrolls of fear {unknown}
 g - 2 scrolls of magic mapping {unknown}
 i - 5 scrolls of teleportation
 r - a scroll of enchant weapon {unknown}
 x - a scroll of amnesia
 C - a scroll of enchant armour
 G - 2 scrolls of identify
 K - 2 scrolls of acquirement {unknown}
Potions
 a - 2 potions of might {unknown}
 e - a potion of haste
 l - 4 potions of lignification
 m - 2 potions of brilliance {unknown}
 o - 2 potions of flight {unknown}
 p - a potion of heal wounds {unknown}
 q - 2 potions of curing {unknown}
 w - 3 potions of attraction {unknown}
 B - 2 potions of resistance {unknown}
 D - a potion of degeneration {unknown}
 E - 2 potions of ambrosia {unknown}
 I - 2 potions of berserk rage {unknown}


   Skills:
 * Level 10.8 Fighting
 + Level 11.5 Axes
 * Level 11.5 Armour
 * Level 8.1 Dodging


You had 10 spell levels left.
You didn't know any spells.
Your spell library was empty.

Dungeon Overview and Level Annotations

Branches:
Dungeon (11/15)            Temple (0/1) D:4            Lair (0/6) D:10
    Orc (0/2) D:10          Sewer (visited)

Altars:
Nemelex Xobeh
Vehumet


Innate Abilities, Weirdness & Mutations

You have a pair of horns on your head.
You reflexively headbutt those who attack you in melee.


Message History

The boulder beetle bites you!!
The boulder beetle leaps!
Aiming: Iceblast
Press: ? - help, Shift-Dir - straight line, f - boulder beetle
Aim: a boulder beetle (severely wounded)
The mass of ice explodes!
The iceblast engulfs the boulder beetle but does no damage.
The boulder beetle is severely wounded.
You hear a shout!
The boulder beetle curls into a ball and begins rolling!
Aiming: Iceblast
Press: ? - help, Shift-Dir - straight line, f/p - boulder beetle
Aim: a boulder beetle (severely wounded, rolling)
The mass of ice explodes!
The iceblast engulfs the boulder beetle but does no damage.
The boulder beetle is severely wounded.
You hear a shout! x3
Aiming: Corrosive Bolt
Press: ? - help, Shift-Dir - straight line, f/p - boulder beetle
Aim: a boulder beetle (severely wounded, rolling, 100% to hit)
The bolt of acid hits the boulder beetle but does no damage.
The boulder beetle is severely wounded.
The boulder beetle hits you!!!
Ouch! That really hurt!
* * * LOW HITPOINT WARNING * * *
The boulder beetle stops rolling and uncurls.
A kobold comes into view. It is wielding a +0 short sword.
The boulder beetle bites you.
* * * LOW HITPOINT WARNING * * *
You hear a shout!
You fade into invisibility!
The boulder beetle closely misses you. You furiously retaliate!
You headbutt the boulder beetle.
You are very lightly contaminated with residual magic.
The boulder beetle bites you!
* * * LOW HITPOINT WARNING * * *
Okay, then.
As you read the scroll labelled JATISO QUEBBYSM, it crumbles to dust.
It is a scroll of amnesia.
You feel forgetful for a moment. The boulder beetle bites you!!
You die...

.## ## #.# # #.# #.# #
#.# #.. #.# #... #.#
.... #.# .... #@## ....
#B.# .... #..# .... #..#
.... ##.K##..? ####
######.........
#######..............
####.......#######...###
.....####### ..##


You could see a boulder beetle and a kobold.

Vanquished Creatures
  Harold (D:7)
  2 two-headed ogres
  Pikel (D:9)
  Joseph (D:9)
  Maurice (D:9)
  Prince Ribbit (D:9)
  Sigmund (D:5)
  A wraith (D:10)
  2 vampires (D:10)
  Grum (D:9)
  A steam dragon (D:5)
  Menkaure (D:7)
  4 water moccasins
  2 black bears (D:6)
  2 orc warriors (D:10)
  An ice beast (D:6)
  2 wolves (D:9)
  3 ogres
  A phantom (D:4)
  2 centaurs
  2 kobold brigands
  2 bullfrogs (D:7)
  2 scorpions
  12 wights
  2 centaur zombies
  A howler monkey (D:6)
  2 hounds (D:4)
  4 orc priests
  4 jellies
  2 gnoll shamans
  Ijyb (D:3)
  A centaur skeleton (D:6)
  4 iguanas
  2 orc wizards
  A killer bee zombie (D:8)
  6 gnolls
  A howler monkey skeleton (D:5)
  6 adders
  2 river rats (Sewer)
  A shadow imp (D:5)
  3 white imps
  3 worms
  2 dart slugs
  16 orcs
  11 ball pythons
  7 endoplasms
  5 giant cockroaches
  9 goblins
  5 hobgoblins
  16 jackals
  10 kobolds
  3 quokkas
  7 bats
  2 frilled lizards (D:2)
  7 rats
195 creatures vanquished.

Vanquished Creatures (collateral kills)
  Gastronok (D:9)
  A cane toad (shapeshifter) (D:9)
  A steam dragon (D:9)
  4 wights (D:9)
7 creatures vanquished.

Vanquished Creatures (others)
  6 plants (D:4)
6 creatures vanquished.

Grand Total: 208 creatures vanquished

Notes
Turn   | Place    | Note
-------+----------+-------------------------------------------
     0 | D:1      | robertstho the Minotaur Berserker began the quest for the
                  | Orb.
     0 | D:1      | Reached XP level 1. HP: 19/19 MP: 0/0
   138 | D:1      | Reached XP level 2. HP: 19/27 MP: 1/1
   766 | D:1      | Found a faded altar of an unknown god.
   922 | D:1      | Reached ** piety under Trog
   924 | D:1      | Reached XP level 3. HP: 34/34 MP: 2/2
  1543 | D:2      | Found a radiant altar of Vehumet.
  2135 | D:3      | Reached XP level 4. HP: 38/41 MP: 3/3
  2226 | D:3      | Found a sparkling altar of Nemelex Xobeh.
  2481 | D:3      | Reached *** piety under Trog
  2679 | D:3      | Noticed a scorpion
  2682 | D:3      | Killed a scorpion
  2683 | D:3      | Reached skill level 5 in Fighting
  2683 | D:3      | Reached XP level 5. HP: 46/48 MP: 4/4
  2684 | D:3      | Found a glowing drain.
  2702 | Sewer    | Entered a sewer
  2912 | Sewer    | Reached skill level 5 in Axes
  3091 | Sewer    | Found a white marble altar of Elyvilon.
  3141 | D:3      | Noticed Ijyb
  3149 | D:3      | Killed Ijyb
  3150 | D:3      | Reached XP level 6. HP: 25/56 MP: 5/5
  3525 | D:4      | Found a staircase to the Ecumenical Temple.
  3692 | D:4      | Reached skill level 5 in Armour
  3762 | D:4      | Reached XP level 7. HP: 49/62 MP: 6/6
  3794 | D:4      | Identified the +1 leather armour "Issucwus" {rN+}
  4146 | D:5      | Entered Level 5 of the Dungeon
  4183 | D:5      | Noticed Sigmund
  4195 | D:5      | Killed Sigmund
  4253 | D:5      | Noticed a steam dragon
  4265 | D:5      | Killed a steam dragon
  4266 | D:5      | Reached XP level 8. HP: 56/71 MP: 7/7
  4535 | D:5      | Reached **** piety under Trog
  4658 | D:6      | Reached skill level 5 in Dodging
  5040 | D:6      | Reached XP level 9. HP: 80/80 MP: 8/8
  5769 | D:7      | Noticed Menkaure
  5779 | D:7      | Killed Menkaure
  5955 | D:7      | Identified the +7 flail "Difreid" {drain, rC+ rCorr Str+6}
  6091 | D:7      | Noticed Harold
  6108 | D:7      | Killed Harold
  6463 | D:8      | Noticed a two-headed ogre
  6470 | D:8      | Killed a two-headed ogre
  6471 | D:8      | Reached skill level 10 in Armour
  6471 | D:8      | Reached XP level 10. HP: 91/91 MP: 9/9
  6748 | D:9      | Noticed Joseph
  6758 | D:9      | Killed Joseph
  6759 | D:9      | Reached skill level 10 in Axes
  6779 | D:9      | Noticed Gastronok
  6790 | D:9      | Killed Gastronok
  6809 | D:9      | Noticed a cane toad
  6812 | D:9      | Killed a cane toad
  6813 | D:9      | Reached skill level 10 in Fighting
  7002 | D:9      | Noticed Pikel
  7011 | D:9      | Killed Pikel
  7045 | D:9      | You fall into a shaft and drop 1 floor!
  7045 | D:10     | Entered Level 10 of the Dungeon
  7157 | D:10     | Found a staircase to the Lair.
  7400 | D:10     | Noticed a two-headed ogre
  7412 | D:10     | Killed a two-headed ogre
  7491 | D:9      | Noticed Maurice
  7506 | D:9      | Killed Maurice
  7507 | D:9      | Reached XP level 11. HP: 80/101 MP: 10/10
  7775 | D:9      | Noticed Grum
  7788 | D:9      | Killed Grum
  7817 | D:9      | Noticed Prince Ribbit
  7828 | D:9      | Killed Prince Ribbit
  8008 | D:10     | Reached ***** piety under Trog
  8074 | D:10     | Found a staircase to the Orcish Mines.
  8220 | D:11     | Noticed a boulder beetle
  8237 | D:11     | Demolished by a boulder beetle

Illustrated notes

Levels and vault maps discovered:
D:1:      wander_arrival_fairy_ring, layout_basic,
          chequers_ecumenical_altar_simple_redux
D:2:      layout_basic, basic_altar
D:3:      layout_basic, amcnicky_altar_gilded, cheibrodos_sewer_entry_bend,
          uniq_ijyb
D:4:      layout_loops_ring, minmay_temple_entry_gardened_gates,
          kennysheep_generic_room_14
D:5:      layout_basic, uniq_sigmund
D:6:      layout_loops_corners, minmay_misc_feat_roman,
          small_statue_intersection, kennysheep_small_circle
D:7:      layout_loops_ring, hex_medium, minmay_fountain_box, uniq_menkaure,
          uniq_harold
D:8:      layout_rooms
D:9:      layout_irregular_city, grunt_decor_arrowhead, uniq_gastronok,
          uniq_prince_ribbit1, uniq_joseph, uniq_pikel, uniq_maurice, uniq_grum
D:10:     layout_cave_pools, lair_entry_dummy, orc_0_dummy, dk_noncrumbling_2,
          minmay_misc_feat_iff, eino_small_chamber_without_monster,
          minmay_misc_feat_diagonals
D:11:     layout_cave_pods, special_room [special_room_kobold],
          nrook_guardian_serpent_ordinary

Skill      XL: |  1  2  3  4  5  6  7  8  9 10 |
---------------+-------------------------------+-----
Fighting       | 4 5 6 7 9 10 | 10.8
Axes           | 4 5 6 8 9 11 | 11.5
Dodging        | 3 4 5 7 8 |  8.1
Armour         | 3 4 5 6 8 10 11 | 11.5

Action                   |  1- 3 |  4- 6 |  7- 9 | 10-12 || total
-------------------------+-------+-------+-------+-------++-------
Melee: Hand axe          |    89 |   102 |   245 |     4 ||   440
       Headbutt          |    13 |    23 |    55 |    22 ||   113
       Battleaxe         |       |       |       |    87 ||    87
       War axe           |       |       |       |     9 ||     9
Invok: Berserk           |       |     2 |     9 |     5 ||    16
       Brothers in Arms  |       |       |     1 |     1 ||     2
Evoke: Wand              |       |       |       |     3 ||     3
  Use: Scroll            |       |     3 |     2 |     1 ||     6
       Potion            |       |       |       |     1 ||     1
Armor: Animal skin       |    10 |       |       |       ||    10
       Scale mail        |    26 |    26 |    52 |       ||   104
       Chain mail        |       |       |    23 |    42 ||    65
Dodge: Dodged            |    83 |    45 |   178 |    89 ||   395

Table legend: (Time is in decaauts)
 A = Elapsed time spent in this place.
 B = Non-inter-level travel time spent in this place.
 C = Inter-level travel time spent in this place.
 D = Time resting spent in this place.
 E = Time spent auto-exploring this place.
 F = Levels seen in this place.
 G = Mean time per level.
                   A        B        C        D        E       F      G
               +--------+--------+--------+--------+--------+-----+--------+
         Total |   8415 |   8083 |    332 |    243 |   6512 |  12 |  701.2 |
       Dungeon |   7946 |   7614 |    332 |    121 |   6234 |  11 |  722.4 |
         Sewer |    469 |    469 |      0 |    121 |    278 |   1 |  469.0 |
               +--------+--------+--------+--------+--------+-----+--------+

Top non-repeatable levels by time:
     D:2: 1134 daAuts
     D:1: 1001 daAuts
     D:6: 957 daAuts
     D:3: 912 daAuts
     D:7: 821 daAuts
     D:9: 807 daAuts
     D:4: 707 daAuts
    D:10: 648 daAuts
     D:5: 515 daAuts
   Sewer: 469 daAuts
     D:8: 363 daAuts
    D:11: 78 daAuts
